 Dungeon Crawl Stone Soup version 0.27-a0-198-g1307ea1511 (webtiles) character file.

Game seed: 5223463517000787199

513195 EnegeticOcto the Warrior (level 23, -3/263 (282) HPs)
             Began as a Green Draconian Monk on Jan 28, 2021.
             Was the Champion of Fedhas.
             Slain by a vault warden
             ... wielding a +3 war axe of freezing
              (15 damage)
             ... while paralysed by a floating eye
             ... on level 5 of the Vaults on Jan 29, 2021.
             The game lasted 02:31:34 (63310 turns).

EnegeticOcto the Warrior (Green Draconian Monk)    Turns: 63310, Time: 02:31:34

HP:   -3/263 (282)  AC: 26    Str: 20    XL:     23   Next: 64%
MP:   10/37         EV:  2    Int: 20    God:    Fedhas [******]
Gold: 3233          SH:  0    Dex: 21    Spells: 7/43 levels left

rFire    + . .     SeeInvis .   P - +9 eveningstar (vorpal)
rCold    + . .     Faith    .   r - +2 kite shield
rNeg     + . .     Spirit   .   (armour unavailable) rPois โˆž Reflect .
                                (helmet restricted)
rElec    +         Harm     .   s - scarf {rC+ rF+}
rCorr    .         Rampage  .   (gloves currently unavailable)
Will     +++..                  (boots currently unavailable)
Stlth    +++.......             b - amulet of Vitality {Regen+ HP+15}
HPRegen  0.93/turn              H - ring of Mopiuweby {*Drain Will++ Str+6 Dex+7, =R}
MPRegen  0.25/turn              (no ring)

@: paralysed, statue-form, drained
A: (breathe noxious fumes), unfitting armour, stinger 1, poison resistance,
cold-blooded, AC +11
}: 4/15 runes: decaying, serpentine, slimy, silver
a: End Transformation, Renounce Religion, Wall of Briars, Grow Ballistomycete,
Overgrow, Grow Oklob


You were on level 5 of the Vaults.
You worshipped Fedhas.
Fedhas was exalted by your worship.
You were a stone statue.
You visited 9 branches of the dungeon, and saw 47 of its levels.
You also visited: Trove.

You collected 6570 gold pieces.
You spent 3337 gold pieces at shops.

Inventory:

Hand Weapons
 P - a +9 vorpal eveningstar (weapon)
   (You acquired it on level 2 of the Snake Pit)
Missiles
 l - 52 boomerangs (quivered)
 p - 14 silver javelins
 J - 11 curare-tipped darts
 L - 7 silver boomerangs
 W - 3 throwing nets {!f}
Armour
 r - a +2 kite shield (worn)
   (You took it off a naga warrior on level 2 of the Snake Pit)
 s - a scarf of resistance (worn)
   (You found it on level 5 of the Pits of Slime)
 M - the +2 pair of gloves "Ewoesompu" (melded) {rC+}
   (You found it on level 10 of the Dungeon)

   It protects you from cold.
 N - a +0 pair of boots of running (melded)
   (You found it on level 3 of the Crypt)
Jewellery
 b - the amulet of Vitality (around neck) {Regen+ HP+15}
   (You found it in a treasure trove)

   [amulet of regeneration]

   It affects your health (+15).
   It increases your rate of regeneration.
 f - an uncursed ring of protection from fire
   (You acquired it on level 4 of the Swamp)
 t - the ring "Cuurph" {rElec Will+ rCorr Dex+2}
   (You found it on level 5 of the Pits of Slime)

   [ring of resist corrosion]

   It affects your dexterity (+2).
   It insulates you from electricity.
   It affects your willpower, your defense against some magical effects.
   It provides partial protection from all sources of acid and corrosion.
 B - the ring "Segoim" {rElec rPois rC++ rN+ Int-2}
   (You found it on level 3 of the Crypt)

   [ring of positive energy]

   It affects your intelligence (-2).
   It greatly protects you from cold.
   It insulates you from electricity.
   It protects you from poison.
   It protects you from negative energy.
 H - a ring of Mopiuweby (left hand) {*Drain Will++ Str+6 Dex+7, =R}
   (You found it in a treasure trove)

   [ring of strength]

   It affects your strength (+6).
   It affects your dexterity (+7).
   It affects your willpower, your defense against some magical effects.
   It causes draining when unequipped.
 K - an uncursed ring of see invisible
   (You found it in a treasure trove)
Wands
 a - a wand of iceblast (17) {@v2}
   (You bought it in a shop on level 2 of the Snake Pit)
 u - a wand of enslavement (12)
   (You found it on level 13 of the Dungeon)
 F - a wand of mindburst (74)
   (You found it on level 8 of the Dungeon)
 G - a wand of acid (21) {@v1}
   (You found it on level 6 of the Dungeon)
 I - a wand of paralysis (26)
   (You found it on level 9 of the Dungeon)
 Z - a wand of digging (32) {@v3}
   (You bought it in a shop on level 12 of the Dungeon)
Scrolls
 h - 20 scrolls of teleportation {@r3 !r}
 j - 3 scrolls of fog {!r}
 m - 8 scrolls of magic mapping {@r5 !r}
 w - 2 scrolls of enchant armour
 z - 6 scrolls of vulnerability
 C - 4 scrolls of immolation
 D - a scroll of holy word
 R - 12 scrolls of identify {@r1}
 Y - 2 scrolls of silence
Potions
 e - 9 potions of lignification {@q6}
 g - 5 potions of ambrosia
 i - 11 potions of flight
 k - 7 potions of cancellation
 n - 8 potions of curing {@q1 !q}
 o - 3 potions of mutation
 x - 3 potions of brilliance
 y - 2 potions of resistance
 A - 7 potions of magic
 E - 8 potions of attraction
 O - 7 potions of might {@q3 !q}
 Q - a potion of berserk rage
 T - 5 potions of haste {@q4 !q}
Miscellaneous
 d - a phial of floods
   (You found it on level 5 of the Pits of Slime)
 U - a box of beasts
   (You found it on level 3 of the Elven Halls)
 V - a tin of tremorstones (2/2)
   (You found it on level 6 of the Lair of Beasts)
 X - a condenser vane (inert)
   (You found it on level 3 of the Elven Halls)


   Skills:
 + Level 16.1 Fighting
 - Level 16.0 Maces & Flails
 - Level 4.2 Polearms
 - Level 6.3 Throwing
 - Level 15.0 Dodging
 - Level 5.0 Stealth
 - Level 15.0 Shields
 + Level 10.6 Spellcasting
 - Level 8.0 Conjurations
 - Level 7.0 Necromancy
 - Level 4.0 Translocations
 - Level 12.0 Transmutations
 - Level 2.0 Fire Magic
 - Level 2.0 Air Magic
 - Level 14.0 Earth Magic
 - Level 12.0 Poison Magic
 + Level 11.9 Invocations
 - Level 12.0 Evocations


You had 7 spell levels left.
You knew the following spells:

 Your Spells              Type           Power        Failure   Level
a - Poisonous Vapours     Pois/Air       76%          1%          2
b - Statue Form           Tmut/Erth      38%          4%          6
c - Irradiate             Conj/Tmut      25%          3%          5
d - Ignite Poison         Fire/Tmut/Pois 45%          1%          3
e - Sublimation of Blood  Necr           19%          1%          2
f - Olgreb's Toxic Radia  Pois           55%          1%          4
p - Passwall              Tmut/Erth      48%          1%          2
z - Lee's Rapid Deconstr  Erth           30%          1%          5
M - Borgnjor's Vile Clut  Necr/Erth      25%          2%          5
Y - Blink                 Tloc           N/A          1%          2

Your spell library contained the following spells:

 Spells                   Type           Power        Failure   Level
 Animate Skeleton         Necr           76%          1%          1
 Foxfire                  Conj/Fire      100%         1%          1
 Magic Dart               Conj           100%         1%          1
 Pain                     Necr           100%         1%          1
 Sandblast                Erth           100%         1%          1
 Shock                    Conj/Air       100%         1%          1
 Sting                    Tmut/Pois      100%         1%          1
 Mephitic Cloud           Conj/Pois/Air  39%          1%          3
 Stone Arrow              Conj/Erth      100%         1%          3
 Vampiric Draining        Necr           19%          1%          3
 Petrify                  Tmut/Erth      58%          1%          4
 Alistair's Intoxication  Tmut/Pois      36%          1%          5
 Conjure Flame            Conj/Fire      30%          2%          3
 Static Discharge         Conj/Air       30%          2%          3
 Dazzling Flash           Conj/Hex       52%          3%          3
 Animate Dead             Necr           19%          3%          4
 Swiftness                Air            18%          4%          2
 Corona                   Hex            11%          7%          1
 Bolt of Magma            Conj/Fire/Erth 21%          7%          5
 Iskenderun's Battlesphe  Conj           42%          7%          5
 Eringya's Noxious Bog    Tmut/Pois      27%          8%          6
 Sticky Flame             Conj/Fire      30%          9%          4
 Call Imp                 Summ           10%          10%         2
 Ensorcelled Hibernation  Hex/Ice        20%          10%         2
 Slow                     Hex            10%          10%         2
 Agony                    Necr           38%          11%         5
 Iron Shot                Conj/Erth      26%          11%         6
 Inner Flame              Hex/Fire       14%          13%         3
 Yara's Violent Unravell  Hex/Tmut       17%          16%         5
 Confusing Touch          Hex            10%          21%         3
 Tukima's Dance           Hex            10%          21%         3
 Fireball                 Conj/Fire      15%          24%         5
 Lightning Bolt           Conj/Air       15%          24%         5
 Airstrike                Air            9%           28%         4
 Summon Lightning Spire   Summ/Air       14%          41%         4
 Cause Fear               Hex            5%           54%         4
 Silence                  Hex/Air        7%           77%         5
 Conjure Ball Lightning   Conj/Air       15%          78%         6
 Starburst                Conj/Fire      15%          78%         6
 Orb of Destruction       Conj           21%          91%         7
 Freezing Cloud           Conj/Ice/Air   11%          95%         6
 Haunt                    Necr/Summ      12%          100%        7
 Malign Gateway           Summ/Tloc      9%           100%        7
 Monstrous Menagerie      Summ           5%           100%        7
 Spellforged Servitor     Conj/Summ      13%          100%        7
 Borgnjor's Revivificati  Necr           19%          100%        8
 Discord                  Hex            5%           100%        8
 Ignition                 Fire           9%           100%        8
 Infestation              Necr           19%          100%        8
 Necromutation            Tmut/Necr      24%          100%        8
 Summon Horrible Things   Summ           5%           100%        8
 Death's Door             Necr           19%          100%        9
 Tornado                  Air            9%           100%        9


Dungeon Overview and Level Annotations

Branches:
Dungeon (15/15)            Temple (0/1) D:6            Lair (6/6) D:11
  Swamp (4/4) Lair:4        Snake (4/4) Lair:4        Slime (5/5) Lair:5
    Orc (2/2) D:10            Elf (3/3) Orc:2        Vaults (5/5) D:13
  Crypt (3/3) Vaults:3       Tomb (0/3) Crypt:3      Depths (0/5) D:15

Altars:
Ashenzari
Fedhas
Makhleb
Nemelex Xobeh
Okawaru
Qazlal
Sif Muna
Trog
Uskayaw
Wu Jian
Yredelemnul
Zin
The Shining One
Beogh

Shops:
D:12 *   Orc:1 :   Orc:2 =}=?   Snake:2 *}   Vaults:4 (

Portals:
Abyss: Lair:6

Annotations:
Lair:3 1 runed translucent door, Zocazupe's ghost, journeyman HOFi
Lair:6 2 transporters, blobbo's ghost, journeyman GnTm
Elf:2 3 runed translucent doors


Innate Abilities, Weirdness & Mutations

((You can breathe blasts of noxious fumes.))
((Your lurid green scales are hard. (AC +11)))
You cannot fit into any form of body armour.
Your tail ends in a poisonous barb.
Your system is resistant to poisons. (rPois)
You are cold-blooded and may be slowed by cold attacks.


Message History

The shadow dragon barely misses you.
The shadow dragon completely misses you.
You block the shadow dragon's attack.
The war gargoyle hits you with a +0 morningstar!
* * * LOW HITPOINT WARNING * * *
You block the shadow dragon's attack. The shadow dragon closely misses you.
You block the shadow dragon's attack.
Your magical contamination has completely faded away.
Really quaff
v - a potion of heal wounds {@q2 !q}?
You feel much better. You block the war gargoyle's attack.
The shadow dragon bites you.
* * * LOW HITPOINT WARNING * * *
The shadow dragon claws you but does no damage. x2
Really read
h - 21 scrolls of teleportation {@r3 !r}?
As you read the scroll of teleportation {@r3 !r}, it crumbles to dust.
You feel strangely unstable.
The war gargoyle hits you with a +0 morningstar!
* * * LOW HITPOINT WARNING * * *
The shadow dragon bites you.
* * * LOW HITPOINT WARNING * * *
The shadow dragon completely misses you.
You block the shadow dragon's attack.
The war gargoyle launches metal splinters at you.
The spray of metal splinters hits you but does no damage.
You block the shadow dragon's attack. x2; The shadow dragon misses you.
You hear a shout!
A tentacled monstrosity comes into view.
Really quaff
n - 12 potions of curing {@q1 !q}?
You feel better.
You hear an angry hiss.
The war gargoyle hits you with a +0 morningstar.
* * * LOW HITPOINT WARNING * * *
The war gargoyle completely misses you. You block the shadow dragon's attack.
The shadow dragon claws you!
* * * LOW HITPOINT WARNING * * *
The shadow dragon completely misses you.
Really quaff
n - 11 potions of curing {@q1 !q}?
You feel better.
The war gargoyle hits you but does no damage.
You block the shadow dragon's attack. The shadow dragon claws you.
* * * LOW HITPOINT WARNING * * *
The shadow dragon misses you.
The shadow dragon breathes negative energy at you.
The bolt of negative energy hits you! You partially resist.
You feel drained.
* * * LOW HITPOINT WARNING * * *
Really quaff
n - 10 potions of curing {@q1 !q}?
You feel better.
Your surroundings suddenly seem different.
The anaconda changes into a shock serpent!
A vault sentinel comes into view.
It is wielding a +1 falchion of holy wrath.
The vault sentinel blows a loud note on a signal horn!
The vault warden throws a stone.
You block the stone.
The deep elf elementalist gestures at you while chanting.
The freezing blast engulfs you. You resist.
* * * LOW HITPOINT WARNING * * *
A vault sentinel comes into view.
It is wielding a +1 falchion of holy wrath.
The storm dragon roars deafeningly!
You hear a shout! x4; You hear two shouts!
Found three escape hatches in the ceiling.
Found three stone staircases leading up.
Really read
S - a scroll of fear {!r}?
As you read the scroll of fear {!r}, it crumbles to dust.
You assume a fearsome visage.
The spectral weapon is unaffected.
The vault warden resists with some effort.
The shock serpent looks frightened!
The fire giant easily resists.
The vault sentinel looks frightened!
The storm dragon looks frightened!
The deep elf elementalist resists with almost no effort.
You are engulfed in freezing vapours.
You resist.
* * * LOW HITPOINT WARNING * * *
The shock serpent changes into a floating eye!
The vault warden throws a stone.
You block the stone.
Okay, then.
Really quaff
n - 9 potions of curing {@q1 !q}?
You feel better.
You are engulfed in freezing vapours.
You resist.
* * * LOW HITPOINT WARNING * * *
The sphinx shouts!
You hear a deafening roar!
The vault sentinel gibbers meaninglessly.
A boulder beetle comes into view.
The storm dragon breathes lightning at you.
The bolt of lightning misses you.
You hear a shout!
As you read the scroll of summoning, it crumbles to dust.
Wisps of shadow whirl around you...
You are engulfed in freezing vapours.
You resist.
* * * LOW HITPOINT WARNING * * *
The spectral weapon is engulfed in freezing vapours.
The floating eye's view fixates on you.
The deep elf elementalist hits you but does no damage.
The phantasmal warrior blinks!
The vault warden activates a sealing rune.
You block the spectral weapon's attack.
The floating eye gazes piercingly through you!
You suddenly lose the ability to move!
The spectral weapon is engulfed in freezing vapours. x2
The sphinx misses your entropy weaver. The sphinx hits your entropy weaver!
The sphinx hits your entropy weaver but does no damage.
The deep elf elementalist hits you but does no damage.
Your redback is engulfed in freezing vapours.
The vault warden hits you with a +3 war axe of freezing!
You die...
Fedhas appreciates your contribution to the ecosystem.

*,,**,,**,,*,,,,*,*,*,*,*,*,*,*,*
*,,**,,**..........*,*,*,*,*,*,*,
*********#........######*********
,,,,,,,,,...............,,,,,,,,,
,,,,,,,,,....<<.........,,,,,,,,,
,,,,,,,,,...<..<......,,,,,,,,,,,
,,,,,,,,,..B.<<.GD..,,,,,,,,,,,,,
*********#..C.Wpe(###############
,,,,,,,,,.....HB8โ—‹โ—‹.H............
,,,,,,,,,..#...s#HH.#.#.#..#.#.#.
***,,,***,,#.W.m*.H..............
**,,,***,,,#....*...#.#.....#^#..
*,,,***,,,,#..ยง.*.H.............p
*,,***,,,,,#....#...#........#...
,,,**,,,*,,#....#......(.....)...
,,**,,,**,,#....#.........###.###
,***,,,**,,*,,,,#...#..)W.##.[.##


You could see a storm dragon (catching breath), a fire giant, a sphinx, a vault
warden, a boulder beetle, a deep elf elementalist (repels missiles), a
phantasmal warrior, a floating eye shaped shifter, a +4 great mace of the Hills
{spect, rN+ SInv Stlth+} (summoned), a friendly entropy weaver (summoned), a
friendly merfolk (summoned), a friendly phantasmal warrior (summoned,
wandering), 5 friendly harpies and a friendly redback (summoned).

Vanquished Creatures
  the Royal Jelly (Slime:5)
  A royal mummy (Crypt:3)
  Margery (Vaults:2)
  Xtahua (Vaults:3)
  A golden dragon (Vaults:5)
  Nikola (Vaults:1)
  3 tentacled monstrosities (Vaults:5)
  3 deep elf master archers
  2 deep elf blademasters (Elf:3)
  5 titans (Vaults:5)
  6 sphinxes
  2 ancient champions (Crypt:1)
  Kirke (Lair:4)
  19 acid blobs
  A storm dragon (Vaults:5)
  2 tengu reavers
  2 revenants (Crypt:3)
  11 azure jellies
  5 nagarajas
  9 vault wardens
  5 fire giants
  Aizul (Snake:4)
  6 deep elf sorcerers
  A fenstrider witch (Swamp:4)
  3 frost giants (Vaults:4)
  6 deep elf elementalists (Elf:3)
  A curse skull (Crypt:2)
  4 ghouls
  7 ironheart preservers
  6 very ugly things (Vaults:4)
  A war gargoyle (Vaults:3)
  3 stone giants
  5 deep elf demonologists
  The ghost of DoubleLucky the Spear-Bearer, a journeyman TeSu of Nemelex Xobeh (Orc:2)
  5 vampire knights
  An entropy weaver (Vaults:1)
  3 eidola
  12 deep elf annihilators
  A dire elephant (Lair:6)
  7 bunyips
  4 ettins
  14 deep elf death magi
  5 eleionomae
  2 mummy priests (Crypt:3)
  12 ogre magi
  8 death oozes
  8 jiangshi
  10 yaktaur captains
  5 great orbs of eyes
  4 deep elf high priests
  Josephine (D:10)
  24 vault guards
  6 ice dragons
  Harold (D:11)
  4 fire dragons
  17 naga warriors
  2 rakshasas (Vaults:3)
  5 boulder beetles
  22 hydras
  2 ghost crabs
  8 centaur warriors
  A merfolk avatar (Lair:6)
  5 alligators
  5 death knights
  4 anacondas
  7 vampire magi
  2 catoblepae
  A tengu warrior (D:15)
  A queen ant (D:8)
  19 dancing weapons
  25 two-headed ogres
  6 orc high priests
  3 deep troll earth magi
  10 naga sharpshooters
  2 shock serpents
  18 deep elf knights
  2 small abominations (Elf:3)
  A shadow wraith (Vaults:4)
  6 hell knights
  2 fire crabs (Swamp:4)
  4 goliath frogs
  A fire crab (shapeshifter) (Vaults:4)
  A salamander mystic (Snake:4)
  7 naga ritualists
  A ghost moth zombie (Crypt:1)
  9 spriggan druids
  2 large abominations (Elf:1)
  7 sea snakes (Snake:3)
  4 deep trolls (Vaults:4)
  An unseen horror (D:13)
  23 skeletal warriors
  11 swamp dragons
  13 bog bodies
  18 deep elf archers
  5 flayed ghosts
  2 wizards
  2 shadow dragon zombies (Crypt:3)
  A glowing orange brain (Slime:5)
  9 ironbrand convokers
  A harpy (shapeshifter) (Vaults:4)
  A bunyip skeleton (Crypt:3)
  An orb spider (Lair:4)
  10 mana vipers
  12 orc knights
  5 phantasmal warriors
  4 harpies (Vaults:2)
  3 necromancers
  4 orc sorcerers
  2 lindwurms
  29 ugly things
  3 wolf spiders
  67 slime creatures
  3 will-o-the-wisps
  59 deep elf pyromancers
  A faun (shapeshifter) (Vaults:5)
  2 shining eyes
  An eleionoma skeleton (Crypt:1)
  5 salamanders
  A manticore (D:14)
  18 naga magi
  3 cyclopes
  6 guardian serpents
  2 gargoyles (D:12)
  An eye of devastation (Slime:5)
  12 vault sentinels
  28 black mambas
  11 cane toads
  9 rime drakes
  19 yaktaurs
  3 yaktaurs (shapeshifter)
  6 centaur skeletons
  8 freezing wraiths
  A kobold demonologist (D:12)
  13 komodo dragons
  38 guardian mummies (Crypt:3)
  A purple draconian skeleton (Crypt:3)
  A wind drake (shapeshifter) (Vaults:5)
  A troll (shapeshifter) (D:15)
  A catoblepas skeleton (Crypt:2)
  A tengu conjurer (D:10)
  6 trolls
  7 polar bears
  11 tyrant leeches
  A blink frog (shapeshifter) (D:14)
  12 hornets
  21 blink frogs
  Prince Ribbit (D:6)
  An ettin zombie (Crypt:3)
  7 dream sheep (Lair:6)
  A death drake skeleton (Crypt:1)
  4 air elementals
  A redback (Vaults:1)
  15 flying skulls
  3 water elementals
  An ice dragon skeleton (Crypt:1)
  7 spriggans
  8 ushabtiu (Crypt:3)
  13 wraiths
  62 yaks
  A shadow (D:15)
  Eustachio (D:6)
  6 fire elementals
  8 wyverns
  Grum (D:11)
  4 fire bats (Swamp:4)
  3 steam dragons
  8 golden eyes
  9 vampire mosquitoes
  20 humans (D:13)
  6 basilisks
  4 wargs
  15 swamp worms
  41 nagas
  5 soldier ants
  2 acid dragons
  A water nymph zombie (Crypt:3)
  Menkaure (D:4)
  Duvessa (D:5)
  2 two-headed ogre skeletons (Crypt:3)
  13 water moccasins
  9 swamp drakes
  51 orc warriors
  5 sky beasts
  10 black bears
  2 human zombies
  A boulder beetle simulacrum (Vaults:3)
  4 ice beasts
  5 eyes of draining
  4 necrophages
  An ettin simulacrum (Vaults:3)
  4 phantoms
  22 wolves
  19 ogres
  4 boggarts (Vaults:3)
  30 centaurs
  A draconian zombie (Crypt:1)
  23 bullfrogs
  2 earth elementals
  Dowan (D:5)
  2 glowing shapeshifter simulacra
  A wyvern skeleton (D:8)
  4 scorpions
  A queen bee zombie (Crypt:1)
  20 killer bees
  14 wights
  6 howler monkeys
  5 electric eels
  2 bullfrog zombies
  3 centaur zombies
  6 hounds
  2 quasits
  A black bear zombie (Crypt:2)
  17 orc wizards
  36 orc priests
  8 jellies
  4 bullfrog skeletons
  2 hell rats (Lair:6)
  6 iguanas
  27 worker ants
  An acid dragon zombie (Crypt:2)
  A felid skeleton (Crypt:2)
  3 hound zombies
  A hound skeleton (D:5)
  5 mummies (Crypt:3)
  2 worker ant zombies
  A howler monkey skeleton (D:8)
  4 gnolls (D:6)
  10 adders
  2 shadow imps (D:9)
  2 ufetubi
  4 oozes
  3 worms
  4 dart slugs
  6 leopard geckos
  142 orcs
  2 ball pythons
  10 giant cockroaches
  9 goblins
  4 hobgoblins
  4 jackals (D:2)
  5 quokkas
  A ball python skeleton (Crypt:2)
  7 bats
  6 frilled lizards
  A hobgoblin skeleton (Crypt:1)
  A jackal skeleton (Crypt:2)
  8 kobolds
  A quokka skeleton (D:4)
  A quokka zombie (D:9)
  10 rats
  A river rat skeleton (Crypt:3)
  A ballistomycete spore (Elf:3)
1920 creatures vanquished.

Vanquished Creatures (collateral kills)
  Vashnia (Snake:4)
  Roxanne (Swamp:3)
  4 nagarajas (Snake:4)
  2 vault wardens
  A deep elf sorcerer (Elf:3)
  An ironheart preserver (Vaults:4)
  A deep elf demonologist (Elf:3)
  3 naga warriors (Snake:4)
  A deep troll shaman (Vaults:4)
  5 vault guards
  3 naga sharpshooters (Snake:4)
  A deep troll earth mage (Vaults:4)
  A shock serpent (Snake:4)
  A salamander mystic (Snake:4)
  3 unseen horrors
  4 naga ritualists (Snake:4)
  A guardian serpent (Snake:4)
  A black mamba (Snake:3)
  A blink frog (Lair:6)
  2 dream sheep (Lair:6)
  A wyvern (Lair:6)
  A yak (Lair:5)
  A basilisk (D:12)
  3 vampire mosquitoes
  A soldier ant (D:8)
  Edmund (D:4)
  5 nagas (Snake:4)
  5 killer bees (D:8)
  A quasit (D:8)
  An orc wizard (D:8)
  5 worker ants (D:8)
  3 hell rats (Lair:6)
  An adder (D:8)
  An orc (D:8)
  89 ballistomycete spores
157 creatures vanquished.

Vanquished Creatures (others)
  A bunyip (Swamp:3)
  2 two-headed ogres (Vaults:1)
  A deep elf knight (Vaults:1)
  A spriggan druid (Swamp:3)
  An oklob plant (Lair:4)
  A will-o-the-wisp (Swamp:2)
  3 bloated husks
  An ushabti (Crypt:3)
  3 humans (Swamp:1)
  2 soldier ants (D:8)
  5 swamp drakes (Swamp:4)
  A boggart (Vaults:3)
  An orc priest (Vaults:3)
  An orc wizard (Vaults:3)
  A worker ant (D:8)
  An orc (Vaults:3)
  8 ballistomycete spores
  5 bushes
  13 foxfires (Swamp:4)
  58 fungi
  127 plants
237 creatures vanquished.

Grand Total: 2314 creatures vanquished

Notes
Turn   | Place    | Note
-------+----------+-------------------------------------------
     0 | D:1      | EnegeticOcto the Draconian Monk began the quest for the
                  | Orb.
     0 | D:1      | Reached XP level 1. HP: 19/19 MP: 1/1
    66 | D:1      | Reached skill level 2 in Stealth
   352 | D:1      | Reached XP level 2. HP: 26/26 MP: 2/2
   527 | D:1      | Reached skill level 3 in Stealth
  1208 | D:2      | Reached XP level 3. HP: 31/31 MP: 3/3
  1308 | D:2      | Found a hide-covered altar of Uskayaw.
  1566 | D:2      | Found a bloodstained altar of Trog.
  2010 | D:2      | Reached skill level 4 in Polearms
  2336 | D:3      | Reached XP level 4. HP: 40/40 MP: 4/4
  2391 | D:3      | Found a blossoming altar of Fedhas.
  2431 | D:3      | Reached skill level 4 in Fighting
  2436 | D:3      | Became a worshipper of Fedhas Madash
  2436 | D:3      | Reached * piety under Fedhas
  2436 | D:3      | Reached ** piety under Fedhas
  2939 | D:3      | Reached skill level 1 in Invocations
  2979 | D:3      | Found a blossoming altar of Fedhas.
  3086 | D:3      | Reached skill level 1 in Throwing
  3185 | D:4      | Noticed Edmund
  3203 | D:4      | Killed Edmund
  3204 | D:4      | Reached skill level 2 in Throwing
  3204 | D:4      | Reached skill level 2 in Invocations
  3204 | D:4      | Reached XP level 5. HP: 46/46 MP: 2/6
  3357 | D:4      | Reached XP level 6. HP: 52/52 MP: 7/7
  3358 | D:4      | Found an iron altar of Okawaru.
  3379 | D:4      | Noticed Menkaure
  3438 | D:4      | Reached skill level 1 in Maces & Flails
  4104 | D:5      | Entered Level 5 of the Dungeon
  4362 | D:5      | Reached skill level 3 in Throwing
  4431 | D:5      | Reached *** piety under Fedhas
  4431 | D:5      | Noticed Duvessa
  4433 | D:5      | Noticed Dowan
  4449 | D:5      | Killed Duvessa
  4450 | D:5      | Reached skill level 2 in Maces & Flails
  4450 | D:5      | Reached skill level 3 in Invocations
  4453 | D:5      | Killed Dowan
  4454 | D:5      | Your scales start taking on a lurid green colour.
  4454 | D:5      | Reached XP level 7. HP: 22/59 MP: 9/9
  4454 | D:5      | Gained mutation: Your system is resistant to poisons.
                  | (rPois) [Green Draconian growth]
  4457 | D:5      | Reached skill level 4 in Throwing
  5145 | D:5      | Reached skill level 3 in Maces & Flails
  5145 | D:5      | Reached skill level 4 in Invocations
  5622 | D:6      | Reached skill level 4 in Maces & Flails
  5622 | D:6      | Reached skill level 5 in Invocations
  5677 | D:6      | Reached XP level 8. HP: 59/66 MP: 10/12
  5802 | D:6      | Noticed Prince Ribbit
  5810 | D:6      | Killed Prince Ribbit
  5811 | D:6      | Reached skill level 5 in Maces & Flails
  5811 | D:6      | Reached skill level 6 in Invocations
  6038 | D:6      | Reached skill level 6 in Maces & Flails
  6058 | D:6      | Noticed Eustachio
  6090 | D:6      | Reached **** piety under Fedhas
  6096 | D:6      | Killed Eustachio
  6099 | D:6      | Reached skill level 7 in Maces & Flails
  6214 | D:6      | Found a stormy altar of Qazlal.
  6239 | D:6      | Found a staircase to the Ecumenical Temple.
  6468 | D:4      | Killed Menkaure
  6757 | D:7      | Found a basalt altar of Yredelemnul.
  6841 | D:7      | Reached XP level 9. HP: 69/71 MP: 13/13
  6868 | D:7      | Reached skill level 8 in Maces & Flails
  6868 | D:7      | Reached skill level 1 in Shields
  6953 | D:7      | Reached skill level 7 in Fighting
  6953 | D:7      | Reached skill level 5 in Dodging
  6953 | D:7      | Reached skill level 3 in Shields
  6953 | D:7      | Reached skill level 8 in Invocations
  6953 | D:7      | Reached skill level 5 in Evocations
  6953 | D:7      | Reached XP level 10. HP: 86/86 MP: 13/16
  7026 | D:7      | Reached skill level 4 in Shields
  7485 | D:7      | Learned a level 2 spell: Blink
  7582 | D:8      | Found a shimmering blue altar of Sif Muna.
  7612 | D:8      | Found a broken altar of Ashenzari.
  7612 | D:8      | Found a glowing silver altar of Zin.
  7736 | D:8      | Found an ornate altar of the Wu Jian Council.
  7778 | D:8      | Reached skill level 8 in Fighting
  7935 | D:8      | Noticed a queen ant
  7961 | D:8      | Killed a queen ant
  7962 | D:8      | Reached skill level 9 in Maces & Flails
  7994 | D:8      | Reached ***** piety under Fedhas
  8461 | D:8      | Reached skill level 10 in Maces & Flails
  8744 | D:8      | Found a sparkling altar of Nemelex Xobeh.
  9419 | D:9      | Reached XP level 11. HP: 89/94 MP: 17/17
  9867 | D:9      | Found a burning altar of Makhleb.
 10192 | D:10     | Entered Level 10 of the Dungeon
 10248 | D:10     | Reached skill level 11 in Maces & Flails
 10718 | D:10     | Found a roughly hewn altar of Beogh.
 10733 | D:10     | Reached ****** piety under Fedhas
 10868 | D:10     | Found a staircase to the Orcish Mines.
 11270 | D:10     | Noticed Josephine
 11330 | D:10     | Killed Josephine
 11331 | D:10     | Reached skill level 12 in Maces & Flails
 11870 | D:10     | Got a pair of transparent gloves
 11880 | D:10     | Identified the +2 pair of gloves "Ewoesompu" {rC+} (You
                  | found it on level 10 of the Dungeon)
 12227 | D:10     | Noticed a centaur warrior
 12248 | D:10     | Killed a centaur warrior
 12487 | D:10     | Noticed a sphinx
 12508 | D:10     | Killed a sphinx
 12509 | D:10     | Reached skill level 13 in Maces & Flails
 12745 | D:10     | Noticed a yaktaur captain
 12890 | D:10     | Killed a yaktaur captain
 12903 | D:10     | Noticed an ogre mage
 12929 | D:10     | Paralysed by an ogre mage for 3 turns
 12932 | D:10     | Killed an ogre mage
 12933 | D:10     | Reached XP level 12. HP: 78/101 MP: 18/18
 12943 | D:10     | Learned a level 3 spell: Ignite Poison
 13400 | D:11     | Reached skill level 1 in Poison Magic
 13534 | D:11     | Reached skill level 1 in Transmutations
 13534 | D:11     | Reached skill level 1 in Fire Magic
 13710 | D:11     | Found a staircase to the Lair.
 13967 | D:11     | Noticed Harold
 14240 | D:11     | Noticed a centaur warrior
 14255 | D:11     | Killed a centaur warrior
 14256 | D:11     | Reached skill level 2 in Poison Magic
 14403 | D:11     | Found a portal to a secret trove of treasure.
 14404 | D:11     | Noticed Grum
 14429 | D:11     | Reached skill level 2 in Transmutations
 14442 | D:11     | Killed Grum
 14443 | D:11     | Reached skill level 2 in Fire Magic
 14662 | D:11     | Noticed a boulder beetle
 14837 | D:11     | Killed a boulder beetle
 14838 | D:11     | Reached skill level 14 in Maces & Flails
 14838 | D:11     | Reached skill level 4 in Stealth
 14838 | D:11     | Reached skill level 3 in Poison Magic
 15234 | Lair:1   | Entered Level 1 of the Lair of Beasts
 15355 | Lair:1   | Reached skill level 3 in Transmutations
 15468 | Lair:1   | Reached skill level 4 in Poison Magic
 15784 | Lair:1   | You fall into a shaft and drop 1 floor!
 15885 | Lair:2   | Reached skill level 5 in Stealth
 16076 | Lair:1   | Reached skill level 5 in Poison Magic
 16081 | Lair:1   | Reached skill level 6 in Dodging
 16926 | Lair:2   | Noticed a five-headed hydra
 17375 | Lair:2   | Killed a five-headed hydra
 17376 | Lair:2   | Reached skill level 9 in Fighting
 17688 | Lair:3   | Reached skill level 7 in Dodging
 17688 | Lair:3   | Reached XP level 13. HP: 94/111 MP: 19/19
 18058 | Lair:3   | Reached skill level 10 in Fighting
 18319 | Lair:3   | Found a runed translucent door.
 18321 | Lair:3   | Noticed Zocazupe's ghost (journeyman HOFi)
 18522 | Lair:4   | Got an iridescent hunting sling
 18522 | Lair:4   | Identified the +0 hunting sling of Birph {flame, *Corrode
                  | rF+ Int+4} (You found it on level 4 of the Lair of Beasts)
 18582 | Lair:4   | Reached skill level 8 in Dodging
 18772 | Lair:4   | Reached skill level 1 in Spellcasting
 18781 | Lair:4   | Found a staircase to the Snake Pit.
 18855 | Lair:4   | Found a staircase to the Swamp.
 18872 | Lair:4   | Noticed Nessos
 18875 | Lair:4   | Noticed Nessos
 18875 | Lair:4   | Nessos changed into Nessos the orb spider
 18895 | Lair:4   | Killed Nessos the orb spider
 19133 | Lair:4   | Reached skill level 9 in Invocations
 19202 | Lair:4   | Reached skill level 2 in Spellcasting
 19520 | Lair:5   | Reached skill level 6 in Poison Magic
 19724 | Lair:5   | Reached skill level 3 in Spellcasting
 20012 | Lair:5   | Found a staircase to the Slime Pits.
 20022 | Lair:5   | Reached skill level 7 in Poison Magic
 20655 | Lair:6   | Entered Level 6 of the Lair of Beasts
 20665 | Lair:6   | Reached skill level 4 in Spellcasting
 20675 | Lair:6   | Reached skill level 10 in Invocations
 20886 | Lair:6   | Reached skill level 8 in Poison Magic
 20913 | Lair:6   | HP: 2/108 [rime drake/flash freeze (8)]
 21046 | Lair:6   | Found a transporter.
 21056 | Lair:6   | Noticed blobbo's ghost (journeyman GnTm)
 21058 | Lair:6   | Identified the +4 trident "Zimmi" {distort, Dex+5}
 21081 | Lair:6   | Found a one-way gate to the infinite horrors of the Abyss.
 21082 | Lair:6   | Found a transporter.
 21148 | Lair:6   | Reached skill level 5 in Spellcasting
 21192 | Lair:6   | Noticed a dire elephant
 21212 | Lair:6   | Killed a dire elephant
 21213 | Lair:6   | Gained mutation: Your tail ends in a poisonous barb. [Green
                  | Draconian growth]
 21213 | Lair:6   | Reached XP level 14. HP: 121/121 MP: 18/21
 21215 | Lair:6   | Reached skill level 9 in Poison Magic
 21448 | Lair:6   | Reached skill level 10 in Poison Magic
 22290 | Lair:6   | Reached skill level 5 in Throwing
 22731 | D:11     | Killed Harold
 23020 | D:12     | Found Biaplast's Pet Rocks.
 23067 | D:12     | Bought a wand of digging (7) for 396 gold pieces
 23802 | D:12     | Reached skill level 9 in Dodging
 23993 | D:13     | Reached skill level 11 in Fighting
 24204 | D:13     | Reached skill level 6 in Throwing
 24604 | D:13     | Learned a level 2 spell: Poisonous Vapours
 24609 | D:13     | Learned a level 4 spell: Olgreb's Toxic Radiance
 24703 | Orc:1    | Entered Level 1 of the Orcish Mines
 24870 | Orc:2    | Entered Level 2 of the Orcish Mines
 24884 | Orc:2    | Reached skill level 1 in Air Magic
 25446 | Orc:2    | Reached skill level 2 in Air Magic
 25448 | Orc:2    | Found a staircase to the Elven Halls.
 25945 | Orc:2    | Found a runed translucent door.
 25946 | Orc:2    | Noticed DoubleLucky's ghost (journeyman TeSu)
 26213 | Orc:2    | Reached XP level 15. HP: 124/130 MP: 0/22
 26679 | Orc:2    | Reached skill level 10 in Dodging
 26720 | Orc:2    | Reached skill level 11 in Poison Magic
 27114 | Orc:2    | Found Qyriplobb's Magic Scroll Shoppe.
 27117 | Orc:2    | Found Voenuses's Gadget Shoppe.
 27118 | Orc:2    | Found Tusepteor's Jewellery Shoppe.
 27119 | Orc:2    | Found Sycveucoff's Jewellery Emporium.
 27126 | Orc:2    | Bought a scroll of enchant armour for 105 gold pieces
 27126 | Orc:2    | Bought a scroll of teleportation for 42 gold pieces
 27126 | Orc:2    | Bought a scroll of fog for 28 gold pieces
 27126 | Orc:2    | Bought a scroll of fear for 49 gold pieces
 27126 | Orc:2    | Bought a scroll of teleportation for 42 gold pieces
 27453 | Orc:1    | Found Pippoxuc's Book Emporium.
 27675 | Orc:2    | Killed DoubleLucky's ghost
 27845 | D:11     | You paid a toll of +2 ice dragon scales to enter a treasure
                  | trove
 27846 | Trove    | Entered a treasure trove
 27849 | Trove    | Found the amulet of Vitality {Regen+ HP+15}
 27875 | Trove    | Got a scintillating copper ring
 27890 | Trove    | Got a heavily runed golden amulet
 27896 | Trove    | Got a faintly glowing iron ring
 27911 | Trove    | Got a smoking bone ring
 27924 | D:11     | Identified the ring of the Glimmering Jester {Will++ Dex+6
                  | Stlth+} (You found it in a treasure trove)
 27931 | D:11     | Identified a ring of Mopiuweby {*Drain Will++ Str+6 Dex+7}
                  | (You found it in a treasure trove)
 27934 | D:11     | Identified the ring of Sunesik {rF- rC+ EV+4 Slay+5} (You
                  | found it in a treasure trove)
 27949 | D:11     | Identified the amulet of Qoeraus {Spirit +Blink rC- Will-
                  | Str+8} (You found it in a treasure trove)
 28600 | D:13     | Found a gate to the Vaults.
 28606 | D:13     | Reached skill level 5 in Shields
 29088 | D:14     | Reached skill level 6 in Shields
 29088 | D:14     | Reached skill level 12 in Poison Magic
 29555 | D:14     | Reached skill level 7 in Shields
 30149 | D:14     | Reached skill level 8 in Shields
 30435 | D:15     | Entered Level 15 of the Dungeon
 30850 | D:15     | Reached skill level 9 in Shields
 30997 | D:15     | Found a staircase to the Depths.
 31378 | Swamp:1  | Entered Level 1 of the Swamp
 31502 | Swamp:1  | Noticed Kirke
 31596 | Lair:4   | Killed Kirke
 31791 | Swamp:1  | Reached skill level 10 in Shields
 32887 | Swamp:2  | Reached XP level 16. HP: 137/137 MP: 23/23
 32896 | Swamp:2  | Reached skill level 11 in Shields
 33626 | Swamp:2  | Reached skill level 12 in Shields
 34447 | Swamp:3  | Reached skill level 13 in Shields
 34792 | Swamp:3  | Identified Roxanne's Reference Book on the Rocks
 34792 | Swamp:3  | Noticed Roxanne
 35046 | Swamp:3  | Killed Roxanne
 35060 | Swamp:3  | Learned a level 6 spell: Statue Form
 35123 | Swamp:4  | Entered Level 4 of the Swamp
 35187 | Snake:1  | Entered Level 1 of the Snake Pit
 35737 | Snake:1  | Reached skill level 1 in Earth Magic
 36613 | Snake:2  | Found Teulle's Gadget Boutique.
 36626 | Snake:2  | Found Caloepas's General Store.
 36667 | Snake:2  | Bought a scroll of acquirement for 884 gold pieces
 36667 | Snake:2  | Acquired a +4 eveningstar of protection
 36682 | Snake:2  | Bought a scroll of magic mapping for 59 gold pieces
 36686 | Snake:2  | Bought a wand of iceblast (7) for 187 gold pieces
 36686 | Snake:2  | Bought a wand of iceblast (6) for 170 gold pieces
 36686 | Snake:2  | Bought a wand of paralysis (9) for 187 gold pieces
 36686 | Snake:2  | Bought a wand of paralysis (10) for 204 gold pieces
 37360 | Snake:3  | Reached skill level 2 in Earth Magic
 37383 | Snake:3  | Reached skill level 4 in Transmutations
 38100 | Snake:3  | Reached skill level 14 in Shields
 38485 | Snake:3  | Reached XP level 17. HP: 123/144 MP: 24/24
 39062 | Snake:4  | Entered Level 4 of the Snake Pit
 39585 | Snake:4  | Reached skill level 15 in Shields
 39738 | Snake:4  | Reached skill level 15 in Maces & Flails
 40327 | Snake:4  | Noticed Vashnia
 40347 | Snake:4  | Reached skill level 3 in Earth Magic
 40380 | Snake:4  | Killed Vashnia
 40381 | Snake:4  | Reached skill level 4 in Earth Magic
 40560 | Snake:4  | Reached skill level 5 in Earth Magic
 40733 | Snake:4  | Reached skill level 6 in Earth Magic
 40819 | Snake:4  | Reached skill level 7 in Earth Magic
 41283 | Snake:4  | Noticed Aizul
 41302 | Snake:4  | Killed Aizul
 41399 | Snake:4  | Got a serpentine rune of Zot
 41615 | Swamp:4  | Reached skill level 5 in Transmutations
 41770 | Swamp:4  | Reached XP level 18. HP: 65/151 MP: 25/25
 41917 | Swamp:4  | Reached skill level 8 in Earth Magic
 42055 | Swamp:4  | Reached skill level 6 in Transmutations
 42072 | Swamp:4  | Reached skill level 16 in Maces & Flails
 42778 | Swamp:4  | Reached skill level 9 in Earth Magic
 42784 | Swamp:4  | Reached skill level 7 in Transmutations
 43120 | Swamp:4  | Acquired an uncursed ring of protection from fire
 43588 | Swamp:4  | Got a decaying rune of Zot
 44196 | Vaults:1 | Entered Level 1 of the Vaults
 44399 | Elf:1    | Entered Level 1 of the Elven Halls
 44508 | Elf:1    | Found a huge runed gate.
 44508 | Elf:1    | Found a huge runed gate.
 44508 | Elf:1    | Found a huge runed gate.
 44546 | Elf:1    | Found a huge runed gate.
 44552 | Elf:1    | Found a huge runed gate.
 44552 | Elf:1    | Found a huge runed gate.
 44552 | Elf:1    | Found a huge runed gate.
 44552 | Elf:1    | Found a huge runed gate.
 44603 | Elf:1    | Reached skill level 8 in Transmutations
 44786 | Elf:1    | Reached skill level 10 in Earth Magic
 45229 | Elf:1    | Reached skill level 9 in Transmutations
 45757 | Elf:1    | Found a huge runed gate.
 45757 | Elf:1    | Found a huge runed gate.
 45842 | Elf:1    | Found a huge runed gate.
 45842 | Elf:1    | Found a huge runed gate.
 45843 | Elf:1    | Found a huge runed gate.
 45846 | Elf:1    | Found a huge runed gate.
 45846 | Elf:1    | Found a huge runed gate.
 45847 | Elf:1    | Found a huge runed gate.
 45883 | Elf:1    | Found a huge runed gate.
 45883 | Elf:1    | Found a huge runed gate.
 45884 | Elf:1    | Found a huge runed gate.
 45885 | Elf:1    | Found a huge runed gate.
 45886 | Elf:1    | Found a huge runed gate.
 45897 | Elf:1    | Reached skill level 11 in Earth Magic
 45905 | Elf:1    | Reached skill level 10 in Transmutations
 46299 | Elf:2    | Reached XP level 19. HP: 158/158 MP: 26/26
 46683 | Elf:2    | Found a runed translucent gate.
 46683 | Elf:2    | Found a runed translucent gate.
 46683 | Elf:2    | Found a runed translucent gate.
 46943 | Elf:2    | Reached skill level 12 in Earth Magic
 46985 | Elf:3    | Entered Level 3 of the Elven Halls
 47121 | Elf:3    | Reached skill level 11 in Transmutations
 47931 | Elf:3    | Reached skill level 6 in Spellcasting
 48004 | Elf:3    | Reached skill level 12 in Transmutations
 48031 | Elf:3    | Identified the +7 war axe "Guv Exza" {vamp, Will- Int+3
                  | Dex+3}
 48031 | Elf:3    | Identified the +3 leather armour "Ytirgh" {*Corrode Regen+
                  | Dex+2}
 48037 | Elf:3    | Reached skill level 7 in Spellcasting
 48080 | Elf:3    | Identified the ring "Imigat" {rPois Will+ Dex-3 Slay+3}
 48085 | Elf:3    | Reached skill level 8 in Spellcasting
 48157 | Elf:3    | Identified the +9 demon trident of Charity {vorpal, rPois
                  | Int+4}
 48157 | Elf:3    | Identified the +1 leather armour of Guly {Rampage Dex-2
                  | Stlth+}
 48374 | Elf:3    | Reached skill level 9 in Spellcasting
 48516 | Elf:3    | Found the amulet of the Air {Inacc +Fly rElec EV+5 RMsl}
 48719 | Elf:3    | Identified Ughaylojuwk's Compendium of the Volcanoes and
                  | Battle Magic
 48809 | Elf:3    | Learned a level 5 spell: Borgnjor's Vile Clutch
 49065 | Vaults:1 | Upgraded the game from 0.27-a0-169-gd3d0dda1a4 to
                  | 0.27-a0-198-g1307ea1511
 49166 | Vaults:1 | Reached skill level 1 in Necromancy
 49199 | Vaults:1 | Reached skill level 2 in Necromancy
 49266 | Vaults:1 | Reached skill level 12 in Fighting
 49452 | Vaults:1 | Reached XP level 20. HP: 168/168 MP: 27/33
 49455 | Vaults:1 | Reached skill level 3 in Necromancy
 49808 | Vaults:1 | Noticed Nikola
 49810 | Vaults:1 | Reached skill level 4 in Necromancy
 49831 | Vaults:1 | Killed Nikola
 50089 | Vaults:1 | Reached skill level 13 in Earth Magic
 50469 | Vaults:2 | Reached skill level 5 in Necromancy
 50804 | Vaults:2 | Reached skill level 13 in Fighting
 50900 | Vaults:2 | You fall into a shaft and drop 2 floors!
 50945 | Vaults:4 | Reached skill level 6 in Necromancy
 51416 | Vaults:4 | Reached skill level 7 in Necromancy
 51687 | Vaults:4 | Reached skill level 14 in Earth Magic
 51697 | Vaults:4 | Reached skill level 14 in Fighting
 51706 | Vaults:4 | Found Tieschira's Weapon Emporium.
 52124 | Vaults:4 | Reached skill level 15 in Fighting
 52130 | Vaults:4 | Reached XP level 21. HP: 184/184 MP: 20/34
 52584 | Vaults:3 | Noticed Xtahua
 52594 | Vaults:3 | Reached skill level 6 in Evocations
 52600 | Vaults:3 | Killed Xtahua
 52911 | Vaults:3 | Reached skill level 11 in Dodging
 52947 | Vaults:3 | Reached skill level 7 in Evocations
 53580 | Vaults:3 | Found a staircase to the Crypt.
 53795 | Vaults:3 | Reached skill level 8 in Evocations
 54207 | Vaults:2 | Noticed Margery
 54224 | Vaults:2 | Killed Margery
 54613 | Vaults:2 | Reached skill level 12 in Dodging
 54632 | Vaults:2 | Reached skill level 9 in Evocations
 55302 | Slime:1  | Entered Level 1 of the Pits of Slime
 55887 | Slime:3  | Reached skill level 10 in Evocations
 56038 | Slime:5  | Entered Level 5 of the Pits of Slime
 56294 | Slime:5  | Reached skill level 13 in Dodging
 57311 | Slime:5  | Noticed the Royal Jelly
 57316 | Slime:5  | Killed the Royal Jelly
 57317 | Slime:5  | Reached skill level 11 in Evocations
 57317 | Slime:5  | Reached XP level 22. HP: 58/192 MP: 35/35
 57785 | Slime:5  | Found the +5 scythe "Finisher" {speed, eviscerate}
 57825 | Slime:5  | Identified the cursed ring "Moudick" {rC+ EV-4 Int-3 Dex+3}
                  | (You found it on level 5 of the Pits of Slime)
 57837 | Slime:5  | Identified the ring "Cuurph" {rElec Will+ rCorr Dex+2} (You
                  | found it on level 5 of the Pits of Slime)
 57846 | Slime:5  | Got a slimy rune of Zot
 57883 | Slime:5  | Identified the ring "Resoh" {Will+ Dex+2} (You found it on
                  | level 5 of the Pits of Slime)
 57947 | Slime:5  | Identified the cursed +0 hand axe "Impbane" {holy, Will+}
                  | (You found it on level 5 of the Pits of Slime)
 58408 | D:12     | Bought a wand of digging (7) for 396 gold pieces
 58408 | D:12     | Bought a wand of digging (4) for 288 gold pieces
 58613 | Orc:2    | Bought an uncursed ring of positive energy for 300 gold
                  | pieces
 58935 | Crypt:1  | Entered Level 1 of the Crypt
 58988 | Crypt:1  | Reached skill level 1 in Translocations
 59082 | Crypt:1  | Learned a level 2 spell: Passwall
 59085 | Crypt:1  | Learned a level 2 spell: Sublimation of Blood
 59091 | Crypt:1  | Learned a level 5 spell: Lee's Rapid Deconstruction
 59097 | Crypt:1  | Learned a level 5 spell: Irradiate
 59306 | Crypt:1  | Reached skill level 1 in Conjurations
 59377 | Crypt:1  | Reached skill level 2 in Translocations
 59507 | Crypt:1  | Reached skill level 2 in Conjurations
 59956 | Crypt:2  | Reached skill level 3 in Translocations
 59956 | Crypt:2  | Reached skill level 12 in Evocations
 60044 | Crypt:2  | Reached skill level 3 in Conjurations
 60142 | Crypt:2  | Found a burning altar of Makhleb.
 60165 | Crypt:2  | Found a glowing golden altar of the Shining One.
 60189 | Crypt:2  | Reached skill level 14 in Dodging
 60440 | Crypt:2  | Reached skill level 4 in Translocations
 60671 | Crypt:3  | Entered Level 3 of the Crypt
 60681 | Crypt:3  | Reached skill level 4 in Conjurations
 60742 | Crypt:3  | Identified a +0 pair of boots of running (You found it on
                  | level 3 of the Crypt)
 60880 | Crypt:3  | Reached skill level 5 in Conjurations
 61185 | Crypt:3  | Noticed a royal mummy
 61219 | Crypt:3  | Killed a royal mummy
 61220 | Crypt:3  | Reached skill level 6 in Conjurations
 61626 | Crypt:3  | Reached skill level 7 in Conjurations
 62185 | Crypt:3  | Found a staircase to the Tomb.
 62312 | Crypt:3  | Reached skill level 15 in Dodging
 62344 | Crypt:3  | Reached XP level 23. HP: 199/199 MP: 36/36
 62511 | Crypt:3  | Found the +8 demon blade "Leech" {vamp, *Rage +Rage rN+}
 62525 | Crypt:3  | Identified the ring "Daynech" {rN+ Dex+3} (You found it on
                  | level 3 of the Crypt)
 62526 | Crypt:3  | Identified the ring "Segoim" {rElec rPois rC++ rN+ Int-2}
                  | (You found it on level 3 of the Crypt)
 62772 | Vaults:5 | Entered Level 5 of the Vaults
 62785 | Vaults:5 | Reached skill level 8 in Conjurations
 62832 | Vaults:5 | Reached skill level 11 in Invocations
 62846 | Vaults:5 | Reached skill level 10 in Spellcasting
 63210 | Vaults:5 | Got a silver rune of Zot
 63235 | Vaults:5 | Identified the +1 leather armour "Tatzegh" {rC+ Will+
                  | Dex+3}
 63263 | Vaults:5 | Reached skill level 16 in Fighting
 63263 | Vaults:5 | Identified the +4 great mace of the Hills {spect, rN+ SInv
                  | Stlth+}
 63279 | Vaults:5 | Identified the ring of Mugaebb {Ice +Blink rElec Dex-2}
 63300 | Vaults:5 | HP: 7/265 [shadow dragon/bolt of negative energy (23)]
 63309 | Vaults:5 | HP: 9/263 [deep elf elementalist] (10)]
 63309 | Vaults:5 | Paralysed by a floating eye for 3 turns
 63310 | Vaults:5 | Slain by a vault warden

Illustrated notes

Levels and vault maps discovered:
D:1:      psy_arrival_statuary, layout_loops_ring, serial_co_window_serial,
          co_window_of_opportunity_a, co_window_corner_a,
          co_window_of_opportunity_a, co_window_corner_a,
          co_window_of_opportunity_a, co_window_of_opportunity_a,
          co_window_corner_a, co_window_broadway_c, co_window_paths_c,
          co_window_broadway_a, co_window_broadway_b
D:2:      layout_basic, eat_drink_and_be_merry_uskayaw, old_standard_altar
D:3:      layout_basic, lemuel_round_altar, fedhas_altar_2
D:4:      layout_loops_ring, kennysheep_okawaru_gauntlet, uniq_menkaure,
          uniq_edmund
D:5:      layout_basic, uniq_duvessa
D:6:      layout_basic, lemuel_doored_altar, minmay_temple_entry_offerings,
          uniq_eustachio, uniq_prince_ribbit1
D:7:      layout_loops_ring, lemuel_coloured_pillars_altar,
          chequers_serial_rivers_micro_e
D:8:      layout_loops_ring, nemelex_xobeh_ov_fountains_minmay,
          grunt_temple_overflow_open, zaba_antful_of_joy
D:9:      layout_basic, kennysheep_mini_moat, grunt_decor_fettered,
          minmay_quadrilaterals
D:10:     minmay_sliced_demisemicircle, layout_layer_cave, david_orc_5,
          special_room [special_room_orc], uniq_josephine
D:11:     layout_basic, erik_lair_dragon, enter_trove_2, uniq_harold, uniq_grum
D:12:     layout_stronghold, chequers_serial_rivers_micro_e, guppyfry_shop_earth
D:13:     layout_basic, grunt_vaults_entry_tiered
D:14:     layout_grid_maze, serial_park_square1 [serial_park_minivault_5x5_5]
D:15:     hangedman_depths_entry_civil_slaughter, layout_cross
Lair:1:   layout_gridlike, grunt_forest_stairs_basic, st_stairs_13,
          beast_lair_carwin_9
Lair:2:   layout_cave_pods
Lair:3:   layout_loops_ring, ebering_ghost_reflecting_pool
Lair:4:   layout_regular_city, minmay_swamp_entry_reptiles,
          guppyfry_snake_entry_garden, cheibrodos_lair_lostbears, uniq_nessos
Lair:5:   layout_cave_pods, nicolae_slime_entry_slimehenge
Lair:6:   gammafunk_lair_ancient_temple, layout_concentric_octagons,
          gammafunk_ghost_abyssal_escape, serial_bayou_pond_b,
          grunt_forest_small_clearing_treed
Swamp:1:  layout_basic_swamp, nicolae_swamp_orc_logging_accident, uniq_kirke
Swamp:2:  layout_basic_swamp, serial_swamp_ruin, evilmike_swamp_ruin_house_2,
          evilmike_swamp_ruin_rubble_1, evilmike_swamp_ruin_house_1,
          swamp_pool1, nicolae_swamp_hydra_murder_den
Swamp:3:  layout_falls_marsh, nicolae_swamp_fairy_circle,
          nicolae_swamp_trees_clearing, infiniplex_staircase_pool, uniq_roxanne
Swamp:4:  swamp_fiery, layout_basic_swamp, swamp_pool1,
          nicolae_swamp_triple_paths
Snake:1:  layout_grid_maze
Snake:2:  dpeg_oklob_gauntlet, layout_cave_town, minmay_shop_star
Snake:3:  layout_grid_maze, serial_bayou, serial_bayou_crossing,
          serial_bayou_lagoon_b
Snake:4:  johnstein_snake_rune_scales, layout_cave_town, uniq_aizul
Slime:1:  layout_caves, cheibrodos_slime_lost_civilization_4
Slime:2:  layout_caves
Slime:3:  layout_caves, nicolae_slime_welcoming_committee
Slime:4:  layout_caves
Slime:5
Orc:1:    layout_diamond_mine, serial_shops, shop
Orc:2:    st_orc_pillars, layout_caves, gammafunk_ghost_grave
Elf:1:    elf_arrival_001, layout_loops_ring,
          hangedman_elven_crosses_minicolossus, door_vault
Elf:2:    layout_onion_city
Elf:3:    elf_hall, layout_geoelf_castle
Vaults:1: hangedman_vaults_cutoff, ontoclasm_vaults_twist, ontoclasm_vaults_eye,
          v_misc_2, v_misc_12, v_misc_10, vaults_room_stairs_pillars,
          vaults_mumra_hex, vaults_room_grid, nicolae_vaults_angled_halls,
          layout_vaults_big_room, uniq_nikola
Vaults:2: ontoclasm_vaults_fault, v_misc_14, ontoclasm_vaults_tryst,
          nicolae_vaults_little_ls, vaults_dpeg_spiral, hangedman_vaults_maws,
          v_misc_32, ontoclasm_vaults_chip, layout_vaults_quadrants,
          uniq_margery
Vaults:3: hangedman_vaults_impose, blue_anna_dwarven_crypt,
          ontoclasm_vaults_bender, hangedman_vaults_corner, v_alt_pattern_1,
          ontoclasm_vaults_spin, ontoclasm_vaults_idyll, v_misc_22,
          nicolae_vaults_triangles, dpeg_vaults_monster_row,
          hangedman_vaults_capsules, v_misc_14, ontoclasm_vaults_hangar,
          vaults_dpeg_hooks, layout_vaults_omnicross, uniq_xtahua
Vaults:4: v_misc_19, nicolae_vaults_diagonal_hallway_7,
          nicolae_vaults_shelves_hall, v_pattern_5, v_alt_pattern_2,
          nicolae_vaults_three_branches, v_misc_16, v_misc_23,
          nicolae_vaults_puzzle_piece, nicolae_vaults_shelves_hall,
          vaults_dpeg_ring, nicolae_vaults_theta, v_misc_29, v_misc_24,
          layout_vaults_maze_bifur, serial_shops, shop_fountains
Vaults:5
Crypt:1:  layout_gridlike, roderic_lattice_octagonal_star,
          grunt_crypt_arrival_webbed
Crypt:2:  layout_misc_corridors, nzn_life_drinkers
Crypt:3:  due_elkab, layout_chaotic_city, tomb_entry_simple_bobbens,
          minmay_misc_feat_five

Skill      XL: |  1  2  3  4  5  6  7  8  9 10 11 12 13 14 15 16 17 18 19 20 21 22 23 |
---------------+----------------------------------------------------------------------+-----
Stealth        | 2 3 5 |  5.0
Polearms       | 4 |  4.2
Fighting       | 4 7 8 9 10 11 12 15 16 | 16.1
Invocations    | 2 3 5 6 8 10 11 | 11.9
Throwing       | 2 3 4 6 |  6.3
Maces & Flails | 2 4 7 8 10 13 14 15 16 | 16.0
Shields        | 3 4 10 14 15 | 15.0
Dodging        | 5 7 8 9 10 13 15 | 15.0
Evocations     | 5 11 12 | 12.0
Poison Magic   | 5 8 10 12 | 12.0
Transmutations | 3 4 5 10 12 | 12.0
Fire Magic     | 2 |  2.0
Spellcasting   | 5 9 10 | 10.6
Air Magic      | 2 |  2.0
Earth Magic    | 2 7 11 12 14 | 14.0
Necromancy     | 2 7 |  7.0
Translocations | 4 |  4.0
Conjurations   | 7 8 |  8.0

Action                   |  1- 3 |  4- 6 |  7- 9 | 10-12 | 13-15 | 16-18 | 19-21 | 22-24 || total
-------------------------+-------+-------+-------+-------+-------+-------+-------+-------++-------
Melee: Spear             |   145 |   114 |       |       |       |       |       |       ||   259
       Tailslap          |    14 |    20 |    13 |   117 |   261 |   234 |   247 |   129 ||  1035
       Flail             |       |    80 |   111 |   876 |  1415 |   217 |       |       ||  2699
       Eveningstar       |       |       |       |       |       |   835 |  1189 |   680 ||  2704
 Fire: Hunting sling     |       |     3 |       |       |       |       |       |       ||     3
Throw: Stone             |    43 |       |       |       |       |       |       |       ||    43
       Boomerang         |     7 |    26 |    12 |   112 |   238 |   439 |    60 |    35 ||   929
       Dart              |       |       |       |     6 |       |       |       |       ||     6
 Cast: Ignite Poison     |       |       |       |     1 |    59 |    62 |    15 |     1 ||   138
       Olgreb's Toxic Ra |       |       |       |       |    68 |    59 |    30 |       ||   157
       Poisonous Vapours |       |       |       |       |    59 |    16 |    11 |       ||    86
       Statue Form       |       |       |       |       |       |       |    85 |    45 ||   130
       Borgnjor's Vile C |       |       |       |       |       |       |    23 |    28 ||    51
       Irradiate         |       |       |       |       |       |       |       |     6 ||     6
       Lee's Rapid Decon |       |       |       |       |       |       |       |     2 ||     2
Invok: Wall of Briars    |       |     2 |     1 |     3 |    26 |    11 |       |     3 ||    46
       Overgrow          |       |       |       |     1 |       |       |       |       ||     1
       Grow Ballistomyce |       |       |       |       |       |     5 |     7 |     1 ||    13
       Grow Oklob        |       |       |       |       |       |     5 |     1 |     2 ||     8
 Abil: Breathe Noxious F |       |       |     7 |    37 |    51 |    20 |     2 |       ||   117
       End Transformatio |       |       |       |       |       |       |     2 |     1 ||     3
Evoke: Wand              |       |       |     1 |     5 |     7 |    31 |    11 |    21 ||    76
       Tin of tremorston |       |       |       |       |     2 |     8 |     5 |     4 ||    19
       Lightning rod     |       |       |       |       |       |     4 |     3 |       ||     7
       Condenser vane    |       |       |       |       |       |       |     1 |     4 ||     5
       Box of beasts     |       |       |       |       |       |       |     1 |     1 ||     2
       Phial of floods   |       |       |       |       |       |       |       |     1 ||     1
  Use: Scroll            |     4 |     3 |     4 |    14 |    16 |    16 |     8 |    17 ||    82
       Potion            |       |       |     1 |     2 |     5 |     2 |     6 |    12 ||    28
 Stab: Sleeping          |     6 |     4 |     3 |    12 |    22 |     7 |     9 |     1 ||    64
       Confused          |       |       |     2 |    41 |    41 |     4 |     6 |       ||    94
       Distracted        |       |       |       |     4 |     2 |     1 |       |       ||     7
       Paralysed         |       |       |       |     5 |     4 |    17 |     2 |       ||    28
Armor: Skin              |    26 |    36 |    35 |   180 |   253 |   207 |   423 |   262 ||  1422
Dodge: Dodged            |    63 |    90 |    73 |   493 |   842 |   629 |   991 |   608 ||  3789
Block: Buckler           |     2 |    22 |    20 |   156 |   181 |       |       |       ||   381
       Kite shield       |       |       |       |       |   211 |   819 |  1234 |   698 ||  2962

Table legend: (Time is in decaauts)
 A = Elapsed time spent in this place.
 B = Non-inter-level travel time spent in this place.
 C = Inter-level travel time spent in this place.
 D = Time resting spent in this place.
 E = Time spent auto-exploring this place.
 F = Levels seen in this place.
 G = Mean time per level.
                   A        B        C        D        E       F      G
               +--------+--------+--------+--------+--------+-----+--------+
         Total |  65424 |  60698 |   4726 |   5567 |  41330 |  48 | 1363.0 |
       Dungeon |  21619 |  19620 |   1999 |    882 |  14906 |  15 | 1441.3 |
          Lair |   7878 |   7042 |    836 |    482 |   4964 |   6 | 1313.0 |
         Swamp |   6010 |   5672 |    338 |   1110 |   3429 |   4 | 1502.5 |
     Snake Pit |   6258 |   5999 |    259 |    369 |   4183 |   4 | 1564.5 |
    Slime Pits |   3022 |   2934 |     88 |   2213 |      0 |   5 |  604.4 |
  Orcish Mines |   3390 |   2869 |    521 |    138 |   2131 |   2 | 1695.0 |
   Elven Halls |   4693 |   4585 |    108 |     35 |   3405 |   3 | 1564.3 |
        Vaults |   7978 |   7567 |    411 |    319 |   5187 |   5 | 1595.6 |
         Crypt |   4504 |   4340 |    164 |     18 |   3123 |   3 | 1501.3 |
         Trove |     67 |     67 |      0 |      0 |      0 |   1 |   67.0 |
               +--------+--------+--------+--------+--------+-----+--------+

Top non-repeatable levels by time:
    D:10: 3172 daAuts
    D:11: 2900 daAuts
   Orc:2: 2718 daAuts
 Crypt:3: 2333 daAuts
 Snake:4: 2180 daAuts
 Swamp:4: 2120 daAuts
Vaults:2: 2106 daAuts
   Elf:3: 2087 daAuts
 Snake:3: 1912 daAuts
Vaults:3: 1865 daAuts
Vaults:4: 1832 daAuts
   Elf:1: 1762 daAuts
  Lair:6: 1741 daAuts
 Swamp:2: 1658 daAuts
 Slime:5: 1618 daAuts
